 Dungeon Crawl Stone Soup version 0.27.1-34-g3ba077fa99 (webtiles) character file.

Game seed: 4474202004645536390

193 Arum the Shield-Bearer (level 6, 0/44 HPs)
             Began as a Formicid Fighter on Jan 3, 2022.
             Was a Plaything of Xom.
             Slain by a moth of wrath (22 damage)
             ... on level 3 of the Dungeon.
             The game lasted 00:02:18 (2205 turns).

Arum the Shield-Bearer (Formicid Fighter)           Turns: 2205, Time: 00:02:18

Health: 0/44       AC:  6    Str: 19    XL:     6   Next: 2%
Magic:  6/6        EV:  8    Int:  9    God:    Xom [...*..]
Gold:   150        SH: 10    Dex: 12    Spells: 5/5 levels left

rFire    . . .     SeeInvis +   a - +0 quarterstaff
rCold    . . .     Faith    .   c - +0 kite shield
rNeg     . . .     Spirit   .   b - +0 scale mail
rPois    .         Reflect  .   (helmet unavailable)
rElec    .         Harm     .   (no cloak)
rCorr    .         Rampage  .   (no gloves)
Will     .....                  (no boots)
Stlth    ..........             (no amulet)
HPRegen  0.14/turn              (no ring)
MPRegen  0.10/turn              (no ring)

@: no status effects
A: permanent stasis, dig shafts and tunnels, antennae 3, four strong arms,
clever 1, frail 1, sense surroundings 1, weak 1
a: Dig, Shaft Self, Renounce Religion


You were on level 3 of the Dungeon.
You worshipped Xom.
You were a favourite toy of Xom.
You visited 1 branch of the dungeon, and saw 3 of its levels.

You collected 150 gold pieces.

Inventory:

Hand Weapons
 a - a +0 quarterstaff (weapon)
Armour
 b - a +0 scale mail (worn)
 c - a +0 kite shield (worn)
Wands
 k - a wand of acid (5)
Scrolls
 f - a scroll of magic mapping {unknown}
 h - 2 scrolls of blinking {unknown}
 j - a scroll of identify {unknown}
Potions
 d - 2 potions of might
 e - a potion of flight {unknown}
 g - a potion of mutation {unknown}
 i - a potion of ambrosia {unknown}
 l - a potion of haste {unknown}


   Skills:
 + Level 4.7 Fighting
 + Level 3.7 Staves
 - Level 3.2 Armour
 + Level 5.2 Shields


You had 5 spell levels left.
You didn't know any spells.
Your spell library was empty.

Dungeon Overview and Level Annotations

Branches:
Dungeon (3/15)

Altars:
Trog
Xom


Innate Abilities, Weirdness & Mutations

You cannot be hasted, slowed, berserked, paralysed or teleported.
You can dig through walls and to a lower floor.
You have a pair of large antennae on your head. (SInv)
Your four strong arms can wield two-handed weapons with a shield.
Your mind is acute. (Int +2)
You are frail. (-10% HP)
You passively map a small area around you.
You are weak. (Str -2)


Message History

a rat corpse; a rat corpse You see here a +0 hand axe.
You extend your mandibles.
You dig through the iron grate.
The moth of wrath bites you! The moth of wrath bites you.
You retract your mandibles.
You hit the moth of wrath.
The moth of wrath is lightly wounded. "Hum-dee-hum-dee-hum..."
The moth of wrath seems to slow down.
You block the moth of wrath's attack.
You barely miss the moth of wrath.
The moth of wrath is lightly wounded.
You block the moth of wrath's attack.
You hit the moth of wrath.
The moth of wrath is lightly wounded.
You block the moth of wrath's attack.
You hit the moth of wrath but do no damage.
The moth of wrath is lightly wounded.
The moth of wrath bites you!
You are too injured to fight recklessly!
You are too injured to fight recklessly!
You are too injured to fight recklessly!
You are too injured to fight recklessly!
You are too injured to fight recklessly!
You are too injured to fight recklessly!
You are too injured to fight recklessly!
You are too injured to fight recklessly!
You are too injured to fight recklessly!
You are too injured to fight recklessly!
You are too injured to fight recklessly!
You are too injured to fight recklessly!
You are too injured to fight recklessly!
You are too injured to fight recklessly!
You are too injured to fight recklessly!
You are too injured to fight recklessly!
You barely miss the moth of wrath.
The moth of wrath is lightly wounded.
The moth of wrath bites you!!
Ouch! That really hurt!
You die...
Xom giggles madly!

#.....######...
{.#.## #.##.
###.....# ..#**
* .# ..##.
......### #.#
*.# #.. #######
####.#### , ..#
##.......## ,
*..
##.........## *
######
*#...........#
......,
,#....###....#*,
, ######
#...##y@#...# #.
#....###....#*
... *
##.........## *
### ,
#...._...)# ,
##))....)## *
##.#...###
*#.###### * #.#
*, #.# *


You could see a moth of wrath (slow).

Vanquished Creatures
  A wyvern (D:3)
  An adder (D:3)
  A worm (D:2)
  3 dart slugs
  4 ball pythons
  2 giant cockroaches (D:2)
  3 hobgoblins
  6 kobolds
  A quokka (D:2)
  2 bats
  4 frilled lizards
  A goblin (D:3)
  8 rats
37 creatures vanquished.

Vanquished Creatures (others)
  A plant (D:2)
1 creature vanquished.

Grand Total: 38 creatures vanquished

Notes
Turn   | Place    | Note
-------+----------+-------------------------------------------
     0 | D:1      | Arum the Formicid Fighter began the quest for the Orb.
     0 | D:1      | Reached XP level 1. HP: 18/18 MP: 1/1
    39 | D:1      | Found a faded altar of an unknown god.
   104 | D:1      | Became a worshipper of Xom of Chaos
   153 | D:1      | Reached XP level 2. HP: 24/24 MP: 2/2
   490 | D:1      | XOM: silly message
   598 | D:1      | Reached skill level 4 in Shields
   883 | D:2      | Reached XP level 3. HP: 23/30 MP: 3/3
  1050 | D:2      | XOM: give mutations
  1050 | D:2      | Gained mutation: Your mind is acute. (Int +2) [Xom's grace]
  1050 | D:2      | Gained mutation: You passively map a small area around you.
                  | [Xom's grace]
  1289 | D:2      | XOM: divination: magic mapping
  1672 | D:3      | Noticed Ijyb
  1680 | D:3      | Noticed Ijyb
  1680 | D:3      | Ijyb changed into Ijyb the wyvern
  1680 | D:3      | XOM: polymorph Ijyb -> Ijyb the wyvern
  1684 | D:3      | Killed Ijyb the wyvern
  1685 | D:3      | Reached skill level 5 in Shields
  1685 | D:3      | Reached XP level 4. HP: 8/38 MP: 4/4
  1685 | D:3      | Reached XP level 5. HP: 9/43 MP: 5/5
  2034 | D:3      | Reached XP level 6. HP: 46/49 MP: 6/6
  2158 | D:3      | XOM: god gift: 16 stones
  2166 | D:3      | Found a bloodstained altar of Trog.
  2166 | D:3      | Noticed a moth of wrath
  2175 | D:3      | XOM: give mutations
  2175 | D:3      | Lost mutation: Your mind is acute. (Int +2) [Xom's
                  | mischief]
  2175 | D:3      | Gained mutation: You are frail. (-10% HP) [Xom's mischief]
  2175 | D:3      | Gained mutation: Your mind is acute. (Int +2) [Xom's
                  | mischief]
  2175 | D:3      | Gained mutation: You are weak. (Str -2) [Xom's mischief]
  2201 | D:3      | XOM: enchant monster (good)
  2205 | D:3      | Slain by a moth of wrath

Illustrated notes

Levels and vault maps discovered:
D:1:      dpeg_arrival_connections, layout_basic,
          ebering_ecumenical_altar_sacrificial
D:2:      layout_loops_ring, serial_bayou_lagoon_b
D:3:      layout_loops_ring, tgw_trog, uniq_ijyb

Skill      XL: |  1  2  3 |
---------------+----------+-----
Shields        | 4 5 |  5.2
Fighting       | 4 |  4.7
Staves         | 3 |  3.7
Armour         | |  3.2

Action                   |  1- 3 |  4- 6 || total
-------------------------+-------+-------++-------
Melee: Quarterstaff      |    87 |    21 ||   108
 Abil: Dig               |     1 |     2 ||     3
Armor: Scale mail        |    21 |     1 ||    22
Dodge: Dodged            |    15 |     4 ||    19
Block: Kite shield       |    39 |    13 ||    52
